 Dungeon Crawl Stone Soup version 0.31-a0-1068-g5939ac1fb6 (webtiles) character file.

Game seed: 6998595214294710720

5893072 Armakuni the Invulnerable (level 27, 210/210 HPs)
             Began as a Human Monk on Nov 24, 2023.
             Was a High Priest of the Shining One.
             Escaped with the Orb
             ... and 9 runes on Nov 25, 2023!
             The game lasted 05:53:33 (106190 turns).

Armakuni the Invulnerable (Human Monk)            Turns: 106190, Time: 05:53:34

Health: 210/210    AC: 32    Str: 26      XL:     27
Magic:  31/31      EV: 29    Int: 17 (21) God:    the Shining One [*****.]
Gold:   8075       SH: 21    Dex: 23      Spells: 19/46 levels left

rFire   + + +        a - +9 double sword (holy)
rCold   + + .        K - +1 kite shield {reflect}
rNeg    + + .        D - +1 gold dragon scales
rPois   +            x - +2 helmet {Int+3}
rElec   +            i - scarf {rC+ rF+}
rCorr   .            O - +2 pair of gloves {Dex+3}
SInv    .            n - +0 pair of boots "Kaagey" {Will+ Str+3 Stlth+}
Will    +++..        H - amulet of Ofoyg {Reflect rElec SH+5} Stlth
                     E - ring "Cisigh" {EV+5 Str+3 Int-2 Slay+4}
HPRegen 0.55/turn    F - ring of Hoxuaqaoff {rF++ EV+5 Str+8 Int+2 Dex-4}
MPRegen 0.22/turn

%: reflection
@: glowing, studying Necromancy
A: clever 1, deformed body, low MP 2, poison resistance, no potion heal 1
0: Orb of Zot
}: 9/15 runes: barnacled, slimy, silver, demonic, glowing, magical, fiery, dark,
gossamer
a: Renounce Religion, Divine Shield, Cleansing Flame, Summon Divine Warrior


You escaped.
You worshipped the Shining One.
The Shining One was extremely pleased with you.
You visited 12 branches of the dungeon, and saw 56 of its levels.
You visited Pandemonium 2 times, and saw 18 of its levels.
You visited the Abyss 1 time.
You also visited: Trove, Ossuary and Ice Cave.

You collected 11797 gold pieces.
You spent 3722 gold pieces at shops.

Inventory:

Hand Weapons
 a - a +9 double sword of holy wrath (weapon)
Missiles
 P - a throwing net
Armour
 i - a scarf of resistance (worn)
 n - the +0 pair of boots "Kaagey" (worn) {Will+ Str+3 Stlth+}
   (You found it on level 1 of the Vaults)

   Str+3:     It affects your strength (+3).
   Will+:     It increases your willpower.
   Stlth+:    It makes you more stealthy.
 x - a +2 helmet of intelligence (worn)
 D - +1 gold dragon scales (worn)
 K - a +1 kite shield of reflection (worn)
 L - the +4 hat of Honour {-Tele rN+ SInv Stlth+}
   (You found it on level 2 of the Realm of Zot)

   rN+:       It protects you from negative energy.
   SInv:      It lets you see invisible.
   -Tele:     It prevents most forms of teleportation.
   Stlth+:    It makes you more stealthy.
 O - a +2 pair of gloves of dexterity (worn)
Jewellery
 t - the ring "Kuet Vir" {Fly rElec Will++ Str-5 Stlth+}
   (You found it in Pandemonium)

   [ring of flight]

   Str-5:     It affects your strength (-5).
   rElec:     It insulates you from electricity.
   Will++:    It greatly increases your willpower.
   Fly:       It grants you flight.
   Stlth+:    It makes you more stealthy.
 E - the ring "Cisigh" (left hand) {EV+5 Str+3 Int-2 Slay+4}
   (You found it on level 5 of the Pits of Slime)

   [ring of evasion]

   EV+5:      It affects your evasion (+5).
   Str+3:     It affects your strength (+3).
   Int-2:     It affects your intelligence (-2).
   Slay+4:    It affects your accuracy & damage with ranged weapons and melee
   (+4).
 F - the ring of Hoxuaqaoff (right hand) {rF++ EV+5 Str+8 Int+2 Dex-4}
   (You bought it in a shop on level 7 of the Dungeon)

   [ring of evasion]

   EV+5:      It affects your evasion (+5).
   Str+8:     It affects your strength (+8).
   Int+2:     It affects your intelligence (+2).
   Dex-4:     It affects your dexterity (-4).
   rF++:      It greatly protects you from fire.
 H - the amulet of Ofoyg (around neck) {Reflect rElec SH+5}
   (You bought it in a shop on level 2 of the Orcish Mines)

   [amulet of reflection]

   Reflect:   It reflects blocked missile attacks.
   rElec:     It insulates you from electricity.
   SH+5:      It affects your SH (+5).
Wands
 j - a wand of paralysis (48)
 k - a wand of digging (15)
 l - a wand of mindburst (27) (quivered)
 r - a wand of roots (66)
 v - a wand of flame (113)
 Z - a wand of quicksilver (14)
Scrolls
 b - 3 scrolls of butterflies
 d - 2 scrolls of enchant weapon
 g - 15 scrolls of teleportation
 m - a scroll of blinking
 q - 6 scrolls of noise
 u - 8 scrolls of amnesia
 y - 11 scrolls of vulnerability
 z - 43 scrolls of identify
 C - 7 scrolls of fog
 G - 5 scrolls of fear
 I - 7 scrolls of poison
 U - 7 scrolls of immolation
 V - 8 scrolls of silence
Potions
 h - 14 potions of lignification
 p - a potion of mutation
 s - 11 potions of brilliance
 B - 8 potions of enlightenment
 J - 3 potions of invisibility
 M - 7 potions of haste
 Q - a potion of magic
 R - 8 potions of resistance
 W - a potion of berserk rage
Miscellaneous
 c - a condenser vane
 f - a phial of floods
 N - a box of beasts
 S - a phantom mirror


   Skills:
 - Level 15.9 Fighting
 - Level 20.0 Long Blades
 - Level 9.8 Ranged Weapons
 O Level 27 Armour
 - Level 20.0 Dodging
 - Level 15.0 Shields
 - Level 10.0 Spellcasting
 - Level 10.0 Conjurations
 + Level 13.7 Translocations
 - Level 10.0 Transmutations
 - Level 5.0 Air Magic
 - Level 25.6 Invocations
 - Level 15.0 Evocations


You had 19 spell levels left.
You knew the following spells:

 Your Spells              Type           Power      Damage    Failure   Level
a - Manifold Assault      Tloc           53%        N/A       2%          4
b - Blink                 Tloc           100%       N/A       1%          2
g - Gell's Gravitas       Tloc           53%        N/A       1%          3
l - Lesser Beckoning      Tloc           100%       N/A       1%          2
m - Iskenderun's Mystic   Conj/Tloc      48%        2d11      6%          4
o - Teleport Other        Tloc           53%        N/A       1%          3
p - Passwall              Tmut/Erth      20%        N/A       16%         2
v - Vhi's Electric Charg  Tloc/Air       80%        N/A       17%         4
w - Wereblood             Tmut           42%        N/A       1%          2
z - Apportation           Tloc           100%       N/A       1%          1

Your spell library contained the following spells:

 Spells                   Type           Power      Damage    Failure   Level
 Magic Dart               Conj           100%       1d8       1%          1
 Momentum Strike          Conj/Tloc      96%        3d10      1%          2
 Shock                    Conj/Air       100%       1d9       3%          1
 Static Discharge         Conj/Air       68%        3-6/arc   5%          2
 Volatile Blastmotes      Fire/Tloc      62%        2d15      14%         3
 Dazzling Flash           Conj/Hex       50%        N/A       30%         3
 Hailstorm                Conj/Ice       25%        3d7       30%         3
 Mephitic Cloud           Conj/Pois/Air  25%        N/A       30%         3
 Stone Arrow              Conj/Erth      50%        3d10      30%         3
 Swiftness                Air            25%        N/A       30%         3
 Irradiate                Conj/Tmut      21%        3d18      36%         5
 Iskenderun's Battlesphe  Conj           42%        2d9       36%         5
 Dispersal                Tloc           26%        N/A       41%         6
 Dimensional Bullseye     Hex/Tloc       15%        N/A       43%         4
 Cigotuvi's Dreadful Rot  Necr/Pois/Air  28%        N/A       54%         2
 Ignite Poison            Fire/Tmut/Pois 19%        N/A       54%         3
 Necrotise                Necr           32%        1d5       63%         1
 Sandblast                Erth           16%        2d6       63%         1
 Slow                     Hex            32%        N/A       63%         1
 Summon Small Mammal      Summ           32%        N/A       63%         1
 Airstrike                Air            12%        2d(2-18)  71%         4
 Brom's Barrelling Bould  Conj/Erth      25%        2d5       71%         4
 Flame Wave               Conj/Fire      25%        2d8       71%         4
 Fulminant Prism          Conj/Hex       12%        3d8       71%         4
 Petrify                  Tmut/Erth      25%        N/A       71%         4
 Sticky Flame             Conj/Fire      25%        2d5       71%         4
 Arcjolt                  Conj/Air       17%        1d27      71%         5
 Call Imp                 Summ           16%        N/A       77%         2
 Ensorcelled Hibernation  Hex/Ice        16%        N/A       77%         2
 Jinxbite                 Hex            16%        N/A       77%         2
 Scorch                   Fire           16%        2d5       77%         2
 Sublimation of Blood     Necr           8%         N/A       77%         2
 Summon Forest            Summ/Tloc      15%        N/A       80%         5
 Call Canine Familiar     Summ           8%         N/A       94%         3
 Confusing Touch          Hex            8%         N/A       94%         3
 Inner Flame              Hex/Fire       8%         N/A       94%         3
 Ozocubu's Armour         Ice            8%         N/A       94%         3
 Sigil of Binding         Hex            8%         N/A       94%         3
 Summon Guardian Golem    Hex/Summ       8%         N/A       94%         3
 Vampiric Draining        Necr           8%         2d6       94%         3
 Summon Lightning Spire   Summ/Air       17%        N/A       96%         4
 Alistair's Intoxication  Tmut/Pois      16%        N/A       96%         5
 Fireball                 Conj/Fire      12%        3d7       96%         5
 Freezing Cloud           Conj/Ice/Air   12%        6-21      96%         5
 Yara's Violent Unravell  Hex/Tmut       12%        3d7       96%         5
 Conjure Ball Lightning   Conj/Air       17%        3x3d6     99%         6
 Anguish                  Hex/Necr       4%         N/A       100%        4
 Animate Armour           Summ/Erth      16%        N/A       100%        4
 Cause Fear               Hex            4%         N/A       100%        4
 Dispel Undead            Necr           8%         3d8       100%        4
 Leda's Liquefaction      Hex/Erth       4%         N/A       100%        4
 Olgreb's Toxic Radiance  Pois           8%         N/A       100%        4
 Summon Ice Beast         Ice/Summ       8%         N/A       100%        4
 Agony                    Necr           8%         N/A       100%        5
 Borgnjor's Vile Clutch   Necr/Erth      4%         N/A       100%        5
 Lee's Rapid Deconstruct  Erth           4%         3d5*      100%        5
 Metabolic Englaciation   Hex/Ice        4%         N/A       100%        5
 Silence                  Hex/Air        8%         N/A       100%        5
 Summon Mana Viper        Hex/Summ       8%         N/A       100%        5
 Bombard                  Conj/Erth      12%        9d3       100%        6
 Death Channel            Necr           4%         N/A       100%        6
 Eringya's Noxious Bog    Tmut/Pois      12%        4d6       100%        6
 Plasma Beam              Fire/Air       8%         2x1d19    100%        6
 Simulacrum               Ice/Necr       4%         N/A       100%        6
 Starburst                Conj/Fire      12%        6d5       100%        6
 Summon Cactus Giant      Summ           4%         N/A       100%        6
 Enfeeble                 Hex            4%         N/A       100%        7
 Malign Gateway           Summ/Tloc      15%        N/A       100%        7
 Orb of Destruction       Conj           21%        9d8       100%        7
 Ozocubu's Refrigeration  Ice            4%         4d8       100%        7
 Spellforged Servitor     Conj/Summ      12%        N/A       100%        7
 Summon Hydra             Summ           4%         N/A       100%        7
 Discord                  Hex            4%         N/A       100%        8
 Disjunction              Tloc           26%        N/A       100%        8
 Ignition                 Fire           4%         3d4       100%        8
 Lehudib's Crystal Spear  Conj/Erth      12%        10d4      100%        8
 Maxwell's Capacitive Co  Air            12%        ∞         100%        8
 Chain Lightning          Conj/Air       17%        3d22      100%        9
 Dragon's Call            Summ           4%         N/A       100%        9
 Polar Vortex             Ice            4%         N/A       100%        9
 Shatter                  Erth           4%         3d7*      100%        9


Dungeon Overview and Level Annotations

Branches:
Dungeon (15/15)            Temple (1/1) D:6            Lair (5/5) D:8
 Shoals (4/4) Lair:3       Spider (4/4) Lair:2        Slime (5/5) Lair:4
    Orc (2/2) D:11            Elf (3/3) Orc:2        Vaults (5/5) D:14
  Crypt (3/3) Vaults:2       Tomb (0/3) Crypt:3      Depths (4/4) D:15
    Zot (5/5) Depths:4    Ossuary (visited)           IceCv (visited)

Altars:
Ashenzari
Cheibriados
Dithmenos
Elyvilon
Fedhas
Gozag
Hepliaklqana
Kikubaaqudgha
Makhleb
Nemelex Xobeh
Okawaru
Qazlal
Ru
Sif Muna
Trog
Uskayaw
Vehumet
Wu Jian
Xom
Yredelemnul
Zin
The Shining One
Jiyva
Lugonu

Shops:
D:7 =*(?(   Orc:2 :=?[   Elf:2 :[   Elf:3 (   Vaults:1 (   Vaults:2 (
Vaults:4 *   Vaults:5 !

Portals:
Hell: Depths:1 Depths:2 Depths:3 Depths:4
Abyss: Depths:3 Depths:4
Pandemonium: Depths:2 Depths:4
Ziggurat: Depths:2

Annotations:
D:4 Sigmund
Shoals:2 Mara
Depths:1 2 transporters, Kitsup's ghost, adept HOMo


Innate Abilities, Weirdness & Mutations

Your mind is acute. (Int +4, Str/Dex -1)
Armour fits poorly on your strangely shaped body.
Your magical capacity is very low. (-20% MP)
Your system is resistant to poisons. (rPois)
Potions are less effective at restoring your health.


Message History

There is a stone staircase leading up here.
You climb upwards.
There is a stone staircase leading down here.
There is a stone staircase leading up, spattered with blood here.
You climb upwards.
There is a stone staircase leading down, spattered with blood here.
Items here: )) [[.
HP restored.
There is a stone staircase leading up here.
You climb upwards.
There is a stone staircase leading down here.
You see here a +0 robe.
There is an escape hatch in the ceiling, spattered with blood here.
A mysterious force pulls you upwards. The hatch slams shut behind you.
You see here a +3 long sword.
There is a stone staircase leading up here.
You climb upwards.
Level annotation: Sigmund
There is a stone staircase leading down here.
There is a stone staircase leading up here.
You climb upwards.
There is a stone staircase leading down here.
There is a stone staircase leading up here.
You climb upwards.
There is a stone staircase leading down here.
There is a stone staircase leading up here.
You climb upwards.
There is a stone staircase leading down here.
A sixfirhy comes into view.
You block the sixfirhy's attack.
There is a large open door here.
You open the sixfirhy like a pillowcase!!!
You kill the sixfirhy!
The Shining One accepts your kill.
No target in view!
No target in view!
There is an open door here.
There is a staircase leading out of the dungeon here.
Okay, then.
You have escaped!

#)#÷+..+.# #.#
#.###..### #.###
#.#8....8# #....
#.###..############.
#.#.+..+.#..........
#####..############.
#8....8# ##
###..#####
#@'..+.#.#
###..###.# ##
###8..8##.########.
#.##''##...........
#.........#.....###
#.........##.......
#.........#..#####.
###########........
#####...#..######


There were no monsters in sight!

Vanquished Creatures
  Cerebov (Pan)
  the Royal Jelly (Slime:5)
  Gloorx Vloq (Pan)
  8 pandemonium lords (Pan)
  Lom Lobon (Pan)
  Mnoleg (Pan)
  An orb of fire (Zot:5)
  Khufu (Crypt:2)
  5 dread liches
  5 ancient liches
  The ghost of Pongem the Conqueror, a legendary MiAK of Lugonu (Zot:2)
  Mennas (Pan)
  Sojobo (Vaults:5)
  2 royal mummies (Crypt:2)
  Frederick (Vaults:3)
  5 Killer Klowns
  Xtahua (Vaults:2)
  Saint Roka (Vaults:4)
  3 curse toes
  8 golden dragons
  Nikola (D:14)
  Norris (Vaults:1)
  2 profane servitors
  The ghost of Sphara the Pyromancer, a veteran DEEE of the Shining One (Crypt:1)
  Arachne (Spider:2)
  2 bone dragons
  A Brimstone Fiend (Pan)
  2 hellephants
  2 Hell Sentinels (Pan)
  6 Tzitzimimeh (Pan)
  3 electric golems
  5 Ice Fiends (Pan)
  14 Orb Guardians
  3 liches
  23 tentacled monstrosities
  Rupert (Spider:1)
  3 quicksilver dragons
  6 titans
  13 acid blobs
  A walking divine tome (Depths:3)
  2 tentacled starspawn (Abyss:3)
  2 deep elf master archers (Elf:3)
  10 sphinxes
  23 Executioners
  6 death cobs
  3 deep elf blademasters
  Polyphemus (Shoals:3)
  Agnes (Spider:1)
  2 eldritch tentacles (Pan)
  3 ancient champions (Crypt:1)
  9 shadow dragons
  The ghost of Graknight the Tortoise, an adept MiBe of Trog (Elf:1)
  Kirke (Spider:3)
  4 tengu reavers
  7 draconian knights
  Donald (Elf:1)
  8 storm dragons
  5 draconian monks
  10 demonspawn warmongers (Pan)
  5 fire giants
  9 azure jellies
  Ilsuiw (Shoals:4)
  3 revenants
  12 rockslimes
  18 vault wardens
  13 balrugs (Pan)
  10 frost giants
  5 draconian shifters
  An iron dragon (Vaults:4)
  6 deep elf sorcerers
  13 cacodemons
  10 draconian scorchers
  10 emperor scorpions
  A caustic shrike zombie (Crypt:3)
  5 curse skulls
  9 ghost moths
  9 draconian annihilators
  2 deep elf elementalists (Elf:3)
  5 angels
  13 demonspawn corrupters (Pan)
  13 ghouls
  2 draconian stormcallers
  2 orc warlords
  8 reapers (Pan)
  15 stone giants
  14 quicksilver oozes
  3 broodmothers
  6 formless jellyfish
  8 vampire knights
  9 ironbound preservers
  5 very ugly things
  4 demonspawn blood saints (Pan)
  10 ironbound thunderhulks
  7 deep elf demonologists
  10 demonspawn black suns (Pan)
  11 green draconians
  9 yellow draconians
  The ghost of Ruqauth the Cleaver, a journeyman VSSh of Hepliaklqana (Orc:1)
  14 red draconians
  A bunyip (Abyss:3)
  24 lorocyprocas (Pan)
  17 purple draconians
  10 black draconians
  The ghost of rocker the Carver, a journeyman DgGl (Vaults:1)
  7 deep elf annihilators
  9 white draconians
  A spark wasp (Depths:3)
  2 statues (D:14)
  4 deep elf death magi
  12 eidola
  14 dire elephants
  4 crystal guardians
  10 green deaths (Pan)
  10 blizzard demons
  5 jiangshi
  7 merfolk impalers
  A mummy priest (Crypt:3)
  5 ettins
  Josephine (Orc:2)
  4 deep elf high priests
  A quicksilver dragon zombie (Crypt:3)
  7 merfolk javelineers
  10 yaktaur captains
  6 fire dragons
  5 entropy weavers
  The ghost of snipermoke the Cruncher, a journeyman DgGl (D:13)
  A fire dragon (shapeshifter) (Vaults:4)
  Harold (Orc:1)
  7 catoblepae
  2 spriggan zombies (Crypt:3)
  6 rakshasas
  The ghost of BigAl98 the Grappler, a journeyman TrFi of Okawaru (D:11)
  19 great orbs of eyes
  2 peacekeepers
  2 spriggan skeletons
  29 vault guards
  11 ice dragons
  6 merfolk avatars
  4 ogre magi
  4 spriggan air magi
  13 centaur warriors
  2 hell beasts (Pan)
  A jorogumo (Spider:3)
  2 salamander tyrants (D:14)
  5 boulder beetles
  5 death knights
  10 ironbound frosthearts
  8 hell hogs (Pan)
  A sphinx skeleton (Crypt:2)
  10 two-headed ogres
  4 merfolk aquamancers
  2 satyrs
  29 dancing weapons
  6 death yaks
  An azure jelly zombie (Crypt:2)
  7 deep troll shamans
  7 deep troll earth magi
  A thrashing horror (Abyss:3)
  3 tengu warriors
  Urug (Orc:1)
  9 vampire magi
  5 occultists
  24 demonic crawlers
  6 spriggan berserkers
  18 deep elf knights
  Sonja (Orc:1)
  3 orc high priests (Orc:2)
  17 soul eaters
  41 sun demons
  A hell knight (Vaults:5)
  2 storm dragon zombies
  14 sixfirhies
  2 spriggans
  A goliath frog (shapeshifter) (Vaults:5)
  2 wretched stars (Abyss:3)
  A bunyip zombie (Crypt:1)
  7 shadow wraiths (Pan)
  10 skysharks
  2 pharaoh ants
  A golden dragon zombie (Crypt:1)
  26 skeletal warriors
  5 sea snakes
  A sun moth (Spider:3)
  22 deep trolls
  9 iron trolls
  31 large abominations (Pan)
  11 shadow demons
  An orb spider (shapeshifter) (Vaults:5)
  8 orb spiders
  5 flayed ghosts
  A sea snake (shapeshifter) (Elf:2)
  10 deep elf archers
  3 glowing orange brains
  20 ironbound convokers
  A spark wasp zombie (Crypt:1)
  A broodmother zombie (Crypt:1)
  13 phantasmal warriors
  6 lindwurms
  20 harpies
  35 deep elf zephyrmancers
  Pikel (D:7)
  8 orc knights
  11 arcanists
  40 ugly things
  4 steelbarb worms
  A tengu skeleton (Pan)
  28 deep elf pyromancers
  11 necromancers
  9 wolf spiders
  4 shining eyes
  9 orc sorcerers
  6 fauns (Shoals:1)
  A fire giant zombie (Depths:3)
  3 oklob plants (Lair:4)
  8 cyclopes
  12 manticores
  A centaur zombie (Crypt:3)
  A worldbinder (Abyss:3)
  A fire giant skeleton (Vaults:4)
  A stone giant skeleton (Pan)
  2 black mambas
  10 elephants
  21 moths of wrath
  6 water nymphs
  Joseph (Lair:1)
  4 eyes of devastation
  A guardian serpent (Abyss:3)
  6 merfolk sirens
  An ice statue (IceCv)
  An apocalypse crab (Abyss:3)
  A molten gargoyle (D:14)
  2 rust devils (Pan)
  A dire elephant zombie (Crypt:2)
  A centaur skeleton (Pan)
  34 smoke demons
  13 vault sentinels
  22 orange demons
  21 hellions (Pan)
  An unseen horror (D:11)
  6 rime drakes
  2 torpor snails
  2 naga skeletons (Pan)
  7 cane toads
  A kobold demonologist (D:11)
  3 efreet
  8 tormentors
  15 ice devils
  23 yaktaurs
  3 anaconda simulacra
  A catoblepas skeleton (Crypt:2)
  2 ancient zymes (Abyss:3)
  5 tengu conjurers (D:14)
  18 freezing wraiths
  2 guardian mummies (Crypt:1)
  11 komodo dragons
  A yaktaur skeleton (Vaults:4)
  4 red devils (Pan)
  26 merfolk
  7 wind drakes
  2 polar bears
  5 trolls
  3 hornets
  14 blink frogs
  An ice dragon zombie (Crypt:3)
  A harpy skeleton (Crypt:1)
  15 hellwings (Pan)
  A hydra skeleton (Pan)
  7 snapping turtles
  A blink frog (shapeshifter) (Vaults:5)
  A harpy zombie (Crypt:3)
  A raiju (Abyss:3)
  21 tarantellas
  85 slime creatures
  25 dream sheep
  3 glass eyes
  11 flying skulls
  A culicivora (shapeshifter) (Elf:3)
  34 jumping spiders
  4 dire elephant simulacra (IceCv)
  A vampire (D:12)
  A black mamba zombie (Crypt:3)
  A spriggan (shapeshifter) (D:11)
  8 water elementals
  2 ettin skeletons
  4 air elementals
  17 humans (D:14)
  4 shadows
  A hog (shapeshifter) (D:14)
  11 wraiths
  26 culicivoras
  2 fire bats (Pan)
  17 ynoxinuls (Pan)
  73 yaks
  8 wyverns
  2 hogs (Spider:3)
  6 golden eyes
  Grum (Lair:1)
  2 fire elementals
  93 redbacks
  3 death yak simulacra (IceCv)
  26 chaos spawn
  7 basilisks
  Eustachio (D:4)
  A basilisk (shapeshifter) (Zot:2)
  A steam dragon (D:7)
  5 vampire mosquitoes (D:14)
  14 neqoxecs
  7 wargs
  8 small abominations
  2 naga zombies (Crypt:1)
  A two-headed ogre zombie (Crypt:2)
  An acid dragon (D:11)
  Edmund (D:4)
  3 harpy simulacra
  3 human zombies
  3 hell hounds (Abyss:3)
  14 water moccasins
  3 sky beasts
  49 orc warriors
  An ice beast (D:8)
  A black bear (shapeshifter) (Elf:1)
  5 black bears
  19 ogres
  A snapping turtle skeleton (Crypt:2)
  20 wolves
  3 boggarts
  7 centaurs
  A phantom (D:6)
  2 lemures (D:7)
  A lindwurm skeleton (Crypt:1)
  3 kobold brigands
  13 bullfrogs
  4 cane toad simulacra (IceCv)
  An elf skeleton (Crypt:1)
  3 earth elementals (Elf:2)
  12 necrophages
  2 gnoll sergeants
  A two-headed ogre simulacrum (IceCv)
  A water moccasin zombie (Crypt:2)
  3 scorpions
  4 wyvern skeletons (Crypt:3)
  16 wights
  4 elephant simulacra (IceCv)
  A yak zombie (Crypt:2)
  4 killer bees
  A troll skeleton (Crypt:2)
  2 howler monkeys
  11 electric eels
  4 hounds
  An iron imp (Abyss:3)
  2 jellies
  A black bear zombie (Crypt:2)
  31 orc priests
  19 starcursed masses (Abyss:3)
  3 gnoll boudas
  2 sleepcaps
  Jessica (D:2)
  A bullfrog skeleton (Crypt:1)
  An iguana (D:7)
  Terence (D:3)
  A boggart zombie (Crypt:1)
  2 human skeletons (Crypt:1)
  30 orc wizards
  Natasha (thrice) (D:2)
  6 hell rats (Lair:2)
  2 spriggan simulacra (IceCv)
  2 polar bear simulacra (IceCv)
  7 wolf simulacra (IceCv)
  An acid dragon skeleton (Crypt:1)
  A hound skeleton (Crypt:2)
  13 mummies
  2 naga simulacra
  5 adders
  22 gnolls
  7 river rats (Lair:2)
  A shadow imp (D:6)
  6 white imps
  2 ufetubi (D:6)
  3 worms (D:2)
  4 dart slugs
  89 orcs
  7 ball pythons
  11 endoplasms
  7 goblins
  5 hobgoblins
  2 jackals (D:1)
  7 quokkas
  5 bats
  4 frilled lizards
  2 gnoll zombies (Ossuary)
  A hobgoblin zombie (Ossuary)
  20 kobolds
  3 kobold zombies (Ossuary)
  2 orc zombies (Ossuary)
  14 rats
  A river rat skeleton (Crypt:1)
  6 ball lightnings (Pan)
  2 starspawn tentacles (Abyss:3)
2985 creatures vanquished.

Vanquished Creatures (collateral kills)
  Dissolution (Slime:1)
  A caustic shrike (Depths:3)
  An Ice Fiend (Pan)
  3 Orb Guardians (Zot:5)
  An Executioner (Pan)
  Aizul (Shoals:4)
  A storm dragon (Depths:4)
  A frost giant (Depths:3)
  A draconian monk (Zot:1)
  A balrug (Pan)
  A draconian stormcaller (Zot:1)
  An angel (Zot:5)
  A curse skull (Crypt:3)
  A draconian shifter (Zot:1)
  A caustic shrike zombie (Crypt:3)
  A cacodemon (Pan)
  A demonspawn corrupter (Pan)
  A stone giant (Depths:3)
  3 very ugly things (Depths:3)
  A demonspawn blood saint (Pan)
  A green draconian (Zot:1)
  An eidolon (Crypt:2)
  A merfolk impaler (Shoals:4)
  An elf zombie (Crypt:3)
  2 jiangshi (Crypt:2)
  2 dancing weapons (Elf:2)
  A deep troll shaman (Depths:3)
  A vampire mage (Crypt:2)
  A titan zombie (Crypt:3)
  A spriggan berserker (Depths:3)
  A hell knight (Depths:3)
  A deep elf knight (Elf:2)
  2 sun demons (Pan)
  A soul eater (Crypt:2)
  2 skeletal warriors
  A golden dragon skeleton (Depths:3)
  A shadow demon (Pan)
  A flayed ghost (Crypt:3)
  2 deep elf pyromancers (Elf:2)
  A phantasmal warrior (Crypt:3)
  A necromancer (Depths:3)
  A large abomination (Pan)
  A deep elf zephyrmancer (Elf:2)
  A stone giant zombie (Crypt:3)
  A frost giant zombie (Depths:3)
  A centaur zombie (Crypt:3)
  An orange demon (Pan)
  2 guardian mummies (Crypt:3)
  A harpy zombie (Crypt:3)
  A red devil (Pan)
  A merfolk (Shoals:4)
  A hydra zombie (Crypt:3)
  A jumping spider (Crypt:3)
  A fire bat (Pan)
  2 redbacks (Crypt:3)
  A deep troll zombie (Crypt:3)
  An orc warrior (Orc:2)
  A starcursed mass (Abyss:3)
  A phantom (Crypt:3)
  A salamander skeleton (Crypt:2)
  3 necrophages (Crypt:3)
  A wyvern skeleton (Crypt:3)
  A black bear zombie (Crypt:2)
  A mummy (Crypt:3)
  An orc (Orc:2)
78 creatures vanquished.

Vanquished Creatures (others)
  Bai Suzhen (Crypt:3)
  A tentacled monstrosity (Vaults:5)
  Asterion (Vaults:1)
  An eldritch tentacle (Abyss:3)
  A tengu reaver (Vaults:5)
  A balrug (Pan)
  2 cacodemons (Pan)
  A demonspawn blood saint (Pan)
  A yellow draconian (Zot:3)
  A green death (Pan)
  A blizzard demon (Pan)
  A vault guard (Vaults:5)
  A centaur warrior (Vaults:3)
  2 death yaks
  An occultist (Pan)
  2 deep elf knights
  A steelbarb worm (Spider:4)
  A harpy (Shoals:4)
  An ironbound convoker (Vaults:5)
  A deep elf pyromancer (D:11)
  A deep elf zephyrmancer (Elf:1)
  3 wolf spiders
  A large abomination (Pan)
  An orange demon (Pan)
  2 cane toads (Lair:2)
  2 torpor snails
  A yaktaur (Vaults:5)
  A tarantella (Spider:4)
  2 jumping spiders (Spider:2)
  2 culicivoras (Spider:4)
  A yak (Lair:2)
  A water elemental (Elf:2)
  A fire bat (Pan)
  2 humans (Spider:4)
  A fire elemental (Elf:2)
  A wyvern (D:9)
  2 redbacks (Spider:1)
  A water moccasin (Lair:1)
  An orc warrior (Orc:2)
  A hell rat (Lair:2)
  3 river rats (Lair:2)
  2 orcs
  A quokka (Lair:2)
  2 rats (Lair:2)
  6 ball lightnings (Pan)
  3 starspawn tentacles (Abyss:3)
68 creatures vanquished.

Grand Total: 3131 creatures vanquished

Notes
Turn   | Place    | Note
-------+----------+-------------------------------------------
     0 | D:1      | Armakuni the Human Monk began the quest for the Orb.
     0 | D:1      | Reached XP level 1. HP: 18/18 MP: 1/1
   142 | D:1      | Reached XP level 2. HP: 24/24 MP: 2/2
   434 | D:1      | Reached XP level 3. HP: 29/29 MP: 3/3
   827 | D:2      | Noticed Natasha
   838 | D:2      | Killed Natasha
   894 | D:2      | Found an ancient bone altar of Kikubaaqudgha.
   984 | D:2      | Noticed Natasha
   992 | D:2      | Killed Natasha
   993 | D:2      | Reached skill level 5 in Long Blades
   993 | D:2      | Reached XP level 4. HP: 28/35 MP: 4/4
  1021 | D:2      | Noticed Natasha
  1027 | D:2      | Killed Natasha
  1094 | D:2      | Reached XP level 5. HP: 19/41 MP: 5/5
  1483 | D:2      | Noticed Jessica
  1507 | D:2      | Killed Jessica
  1831 | D:3      | Noticed Terence
  1889 | D:3      | Killed Terence
  1894 | D:3      | Reached XP level 6. HP: 25/47 MP: 6/6
  2016 | D:3      | Identified the +0 robe "Wonnouc" {rN+}
  2097 | D:3      | Identified the +5 hand axe "Saptett" {flame, rElec Str+4
                  | Int-3 SInv}
  2560 | D:3      | Found an ancient bone altar of Kikubaaqudgha.
  2569 | D:3      | Found a sacrificial altar of Ru.
  2597 | D:4      | Noticed Sigmund
  2693 | D:4      | Found a hide-covered altar of Uskayaw.
  2916 | D:4      | Noticed Edmund
  2937 | D:5      | Entered Level 5 of the Dungeon
  3370 | D:5      | Found a sand-covered staircase.
  3377 | Ossuary  | Entered an ossuary
  3520 | Ossuary  | Reached XP level 7. HP: 23/52 MP: 7/7
  4131 | D:4      | Killed Edmund
  4159 | D:4      | Noticed Eustachio
  4187 | D:4      | Killed Eustachio
  4286 | D:4      | Reached XP level 8. HP: 57/58 MP: 8/8
  5536 | D:5      | Reached skill level 1 in Armour
  5564 | D:5      | Reached skill level 2 in Armour
  5793 | D:6      | Reached skill level 3 in Armour
  6017 | D:6      | Found a staircase to the Ecumenical Temple.
  6040 | Temple   | Entered the Ecumenical Temple
  6048 | Temple   | Became a worshipper of Elyvilon the Healer
  6048 | Temple   | Reached * piety under Elyvilon
  6048 | Temple   | Reached ** piety under Elyvilon
  6241 | D:6      | Reached skill level 1 in Invocations
  6244 | D:6      | Reached XP level 9. HP: 63/63 MP: 9/11
  6472 | D:6      | Reached skill level 5 in Invocations
  6881 | D:7      | Reached skill level 10 in Long Blades
  7267 | D:7      | Noticed Pikel
  7419 | D:7      | Found Saatzeol's Jewellery Emporium.
  7815 | D:7      | Reached XP level 10. HP: 48/70 MP: 15/15
  7911 | D:7      | Noticed a boulder beetle
  8029 | D:7      | Killed Pikel
  8153 | D:7      | Found Yqianiokich's General Store.
  8574 | D:7      | Found Xiegowe's Weapon Emporium.
  8883 | D:7      | Found Ateowam's Antique Weapon Shoppe.
  8890 | D:7      | Bought a runed sling for 94 gold pieces
  9004 | D:7      | Found Wiwot's Magic Scroll Shop.
  9193 | D:8      | Reached skill level 1 in Ranged Weapons
  9661 | D:8      | Found an ornate altar of the Wu Jian Council.
  9661 | D:8      | Found an iron altar of Okawaru.
  9772 | D:8      | Found a broken altar of Ashenzari.
  9840 | D:8      | Noticed an elephant
 10070 | D:8      | Noticed an elephant
 10086 | D:8      | Killed an elephant
 10087 | D:8      | Reached skill level 5 in Ranged Weapons
 10180 | D:8      | Reached XP level 11. HP: 37/75 MP: 17/17
 10377 | D:8      | Killed an elephant
 10510 | D:8      | Found a staircase to the Lair.
 11610 | D:9      | Reached *** piety under Elyvilon
 11903 | D:9      | Noticed a two-headed ogre
 11924 | D:9      | Killed a two-headed ogre
 12143 | D:10     | Entered Level 10 of the Dungeon
 13181 | D:11     | You fall into a shaft and drop 1 floor!
 13382 | D:11     | Noticed a manticore
 13524 | D:11     | Pacified a manticore
 13626 | D:11     | Found a staircase to the Orcish Mines.
 13709 | D:11     | Noticed a cyclops
 13717 | D:11     | Killed a cyclops
 13763 | D:11     | Noticed a cyclops
 13784 | D:11     | Killed a cyclops
 13785 | D:11     | Reached skill level 10 in Invocations
 13879 | D:11     | Reached XP level 12. HP: 63/81 MP: 19/19
 13932 | D:11     | Found an opulent altar of Gozag.
 14201 | D:11     | Found a transporter.
 14206 | D:11     | Found a transporter.
 14207 | D:11     | Noticed BigAl98's ghost (journeyman TrFi)
 14567 | D:11     | Noticed an ice dragon
 14657 | D:11     | Noticed a boulder beetle
 14658 | D:11     | Pacified a boulder beetle
 14684 | D:11     | Noticed a tengu warrior
 14684 | D:11     | Noticed a fire crab
 14685 | D:11     | Pacified a fire crab
 14686 | D:11     | Noticed a death knight
 14710 | D:11     | Killed a tengu warrior
 14922 | D:12     | Learned a level 2 spell: Blink
 14925 | D:12     | Learned a level 2 spell: Lesser Beckoning
 17739 | D:13     | Found a runed translucent door.
 17739 | D:13     | Noticed snipermoke's ghost (journeyman DgGl)
 17749 | D:13     | a culicivora changed into an entropy weaver
 17749 | D:13     | Noticed an entropy weaver (shapeshifter)
 17760 | D:13     | an entropy weaver changed into a shapeshifter
 17774 | D:12     | Reached XP level 13. HP: 84/86 MP: 22/22
 17822 | D:13     | Reached **** piety under Elyvilon
 17823 | D:13     | Noticed a centaur warrior
 17824 | D:13     | Pacified a centaur warrior
 17828 | D:13     | Noticed a centaur warrior
 17830 | D:13     | Pacified a centaur warrior
 17956 | D:11     | Identified the ring "Meimoutao" {rC++ rCorr Int-4 Slay+2}
 17956 | D:11     | Noticed a centaur warrior
 17957 | D:11     | Pacified a centaur warrior
 18207 | D:7      | Bought the ring of Hoxuaqaoff {rF++ EV+5 Str+8 Int+2 Dex-4}
                  | for 950 gold pieces
 18763 | D:11     | Identified the +1 hand axe of Buxuleg {venom, Fly rCorr
                  | Str-3 Dex+2}
 18945 | Lair:1   | Entered Level 1 of the Lair of Beasts
 19075 | Lair:1   | Noticed Grum
 19098 | Lair:1   | Killed Grum
 19235 | Lair:1   | Noticed a five-headed hydra
 19236 | Lair:1   | Pacified a five-headed hydra
 19254 | Lair:1   | Noticed a catoblepas
 19254 | Lair:1   | Noticed a catoblepas
 19274 | Lair:1   | Found a runed translucent door.
 19692 | Lair:1   | Reached skill level 15 in Long Blades
 19928 | Lair:1   | Noticed Joseph
 19941 | Lair:1   | Killed Joseph
 20929 | Lair:2   | Noticed a seven-headed hydra
 20931 | Lair:2   | Pacified a seven-headed hydra
 21512 | Lair:2   | Found a hole to the Spider Nest.
 21714 | Lair:2   | Reached XP level 14. HP: 55/93 MP: 23/25
 21734 | Lair:2   | Identified the +3 leather armour of Space {Int+4 Stlth+}
 22308 | Lair:3   | Reached skill level 15 in Invocations
 22928 | Lair:3   | Found a staircase to the Shoals.
 22935 | Lair:3   | HP: 4/93 [merfolk/+0 trident (16)]
 24091 | Lair:4   | Reached skill level 5 in Fighting
 25922 | Lair:5   | Entered Level 5 of the Lair of Beasts
 26369 | Lair:5   | Reached XP level 15. HP: 80/113 MP: 26/26
 26937 | Lair:5   | Reached skill level 10 in Fighting
 27066 | Lair:5   | Reached skill level 5 in Dodging
 28722 | D:7      | Bought the ring of Jemosu {rPois rC- Will+ Int+4 Dex+3} for
                  | 570 gold pieces
 29799 | D:13     | Reached skill level 10 in Dodging
 30106 | D:14     | Reached skill level 4 in Armour
 30439 | D:14     | Found a snail-covered altar of Cheibriados.
 30592 | D:14     | Reached skill level 5 in Armour
 30712 | D:14     | Found a radiant altar of Vehumet.
 30712 | D:14     | Noticed Nikola
 30928 | Orc:1    | Entered Level 1 of the Orcish Mines
 30930 | Orc:1    | Noticed Sonja
 30939 | Orc:1    | Killed Sonja
 30940 | Orc:1    | Reached skill level 1 in Shields
 30944 | Orc:1    | Noticed Harold
 31113 | Orc:1    | Killed Harold
 31114 | Orc:1    | Reached XP level 16. HP: 96/122 MP: 27/27
 31503 | Orc:1    | Noticed Erolcha
 31506 | Orc:1    | Pacified Erolcha
 31547 | Orc:1    | Noticed Urug
 31553 | Orc:1    | Killed Urug
 31554 | Orc:1    | Reached skill level 6 in Armour
 31568 | Orc:1    | Found a runed translucent door.
 31585 | Orc:1    | Found a frozen archway.
 31622 | IceCv    | Entered an ice cave
 32017 | IceCv    | Reached skill level 1 in Evocations
 32212 | IceCv    | Found an ancient bone altar of Kikubaaqudgha.
 32447 | IceCv    | Identified the +1 great sword of Uckuzy {freeze, rPois
                  | Str+5}
 32743 | Orc:1    | Noticed Ruqauth's ghost (journeyman VSSh)
 32891 | Orc:2    | Entered Level 2 of the Orcish Mines
 32955 | Orc:2    | Noticed Josephine
 32969 | Orc:2    | Killed Josephine
 32970 | Orc:2    | Reached skill level 5 in Evocations
 33090 | Orc:2    | Learned a level 4 spell: Vhi's Electric Charge
 33405 | Orc:2    | Noticed Nessos
 33410 | Orc:2    | Nessos changed into Nessos the glass eye
 33410 | Orc:2    | Noticed Nessos
 33417 | Orc:2    | Killed Nessos the glass eye
 33945 | Orc:2    | Found Ythitew's Magic Scroll Boutique.
 34038 | Orc:2    | Found Reudem's Armour Shop.
 34444 | Orc:2    | Reached skill level 7 in Armour
 34719 | Orc:2    | Got the Codex of the Birds
 34801 | Orc:2    | Found a staircase to the Elven Halls.
 35305 | Orc:2    | Found Doubbos's Jewellery Boutique.
 35437 | Orc:2    | Reached skill level 8 in Armour
 35594 | Orc:2    | Found Exeob's Book Shop.
 35634 | Orc:2    | Bought the amulet of Ofoyg {Reflect rElec SH+5} for 616
                  | gold pieces
 35946 | D:7      | Bought a +0 pair of gloves of dexterity for 149 gold pieces
 36172 | D:15     | Entered Level 15 of the Dungeon
 36457 | D:14     | Reached XP level 17. HP: 128/128 MP: 28/28
 36709 | D:14     | Found a gate to the Vaults.
 37098 | D:13     | Killed snipermoke's ghost
 37099 | D:13     | Reached skill level 9 in Armour
 37862 | D:14     | Killed Nikola
 38264 | D:14     | Identified the +8 shortbow of the Many Tables {drain,
                  | Int+2}
 38768 | D:15     | Reached skill level 10 in Armour
 39423 | D:15     | Found a staircase to the Depths.
 39446 | D:15     | Found an iron altar of Okawaru.
 40297 | D:11     | Killed BigAl98's ghost
 40497 | Spider:1 | Entered Level 1 of the Spider Nest
 40965 | Spider:1 | Noticed Agnes
 40973 | Spider:1 | Killed Agnes
 41264 | Spider:1 | Reached XP level 18. HP: 102/134 MP: 29/29
 42087 | Spider:1 | Noticed Rupert
 42107 | Spider:1 | Killed Rupert
 42394 | Spider:1 | Got Even Beginners Can Use Spellcraft!
 42397 | Spider:1 | Learned a level 1 spell: Apportation
 43698 | Spider:2 | Identified the +8 chain mail "Waffiedd" {Rampage rElec
                  | rCorr Stlth+}
 43900 | Spider:2 | Reached skill level 11 in Armour
 43942 | Spider:2 | You fall into a shaft and drop 1 floor!
 44817 | Spider:3 | Reached skill level 12 in Armour
 45512 | Spider:2 | Noticed Arachne
 45521 | Spider:2 | Killed Arachne
 45684 | Spider:4 | Entered Level 4 of the Spider Nest
 45684 | Spider:4 | Noticed Kirke
 45785 | Spider:3 | Reached skill level 13 in Armour
 46063 | Spider:3 | Killed Kirke
 46990 | Spider:4 | Reached XP level 19. HP: 135/140 MP: 30/30
 46998 | Spider:4 | Reached skill level 14 in Armour
 47193 | Spider:3 | HP: 7/140 [barbs]
 47895 | Spider:4 | Reached skill level 15 in Armour
 48569 | Spider:4 | Got a gossamer rune of Zot
 48807 | Shoals:1 | Entered Level 1 of the Shoals
 49021 | D:7      | Bought a scroll of enchant weapon for 90 gold pieces
 49021 | D:7      | Bought a scroll of enchant armour for 90 gold pieces
 49021 | D:7      | Bought a scroll of teleportation for 36 gold pieces
 49053 | D:7      | Bought a scroll of enchant weapon for 97 gold pieces
 50623 | Shoals:2 | Reached skill level 1 in Spellcasting
 50623 | Shoals:2 | Reached skill level 1 in Translocations
 51488 | Shoals:3 | Noticed Mara
 51492 | Shoals:3 | Noticed Armakuni's illusion
 51627 | Shoals:2 | Noticed Armakuni's illusion
 51641 | Shoals:2 | Noticed Armakuni's illusion
 52142 | Shoals:3 | Reached skill level 5 in Translocations
 52171 | Shoals:3 | Identified the +5 chain mail of Vechy {rCorr Dex+2}
 52478 | Shoals:4 | Entered Level 4 of the Shoals
 52641 | Shoals:4 | Reached XP level 20. HP: 119/154 MP: 31/31
 52644 | Shoals:4 | Identified the serpent talisman "Trusted Companion" {Str+4
                  | Int+3 SInv}
 52644 | Shoals:4 | Noticed Aizul
 52653 | Shoals:4 | Noticed Polyphemus
 52832 | Shoals:3 | Killed Polyphemus
 53323 | Shoals:4 | Reached skill level 5 in Spellcasting
 53953 | Shoals:4 | Got a barnacled rune of Zot
 54151 | Shoals:4 | Identified the +5 ring mail "Saschej" {Str-5 Dex+5}
 54350 | Shoals:4 | Noticed Ilsuiw
 54904 | Shoals:4 | Killed Aizul
 55351 | Shoals:4 | Killed Ilsuiw
 55483 | Shoals:4 | Identified the +1 whip "Ixukiej" {vamp, Fragile Int+4}
 56013 | Lair:1   | Reached skill level 5 in Shields
 56154 | Lair:1   | Identified the +7 spear "Qoan" {flame, rElec rPois rN+++
                  | Int-4}
 56427 | Orc:1    | Killed Ruqauth's ghost
 56619 | D:7      | Bought a scroll of immolation for 48 gold pieces
 56619 | D:7      | Bought 3 scrolls of teleportation for 108 gold pieces
 56798 | Vaults:1 | Entered Level 1 of the Vaults
 57295 | Vaults:1 | Found a runed translucent gate.
 57295 | Vaults:1 | Found a runed translucent gate.
 57295 | Vaults:1 | Found a runed translucent gate.
 57295 | Vaults:1 | Noticed rocker's ghost (journeyman DgGl)
 57688 | Vaults:1 | Noticed Asterion
 57701 | Vaults:1 | Killed Asterion
 57811 | Vaults:1 | Identified the +4 chain mail "Omuobret" {rElec rF+ rN+
                  | Int-5}
 57811 | Vaults:1 | Noticed Norris
 57875 | Vaults:1 | Killed Norris
 58678 | Vaults:1 | Found Cacvaot's Weapon Shoppe.
 59180 | Vaults:1 | Killed rocker's ghost
 59188 | Vaults:1 | Identified the +0 pair of boots "Kaagey" {Will+ Str+3
                  | Stlth+}
 59238 | Vaults:1 | Reached XP level 21. HP: 162/162 MP: 32/32
 59280 | Vaults:2 | Noticed Xtahua
 59289 | Vaults:2 | Killed Xtahua
 59305 | Vaults:2 | Reached skill level 10 in Shields
 59565 | Vaults:2 | Identified the ring of Pevvost {rF++ rC+}
 59956 | Vaults:2 | Found a staircase to the Crypt.
 60037 | Vaults:2 | You fall into a shaft and drop 1 floor!
 61038 | Vaults:3 | Noticed Frederick
 61070 | Vaults:3 | Killed Frederick
 61386 | Vaults:3 | Identified the +6 flail of Hacking and Slashing {holy,
                  | rElec rN+ SInv}
 61858 | Vaults:3 | Paralysed by a formless jellyfish for 1 turns
 62711 | Vaults:3 | Identified the +9 quarterstaff of Defilement {flame, rElec}
 63366 | Vaults:4 | Reached XP level 22. HP: 84/169 MP: 33/33
 63599 | Vaults:4 | Reached skill level 15 in Shields
 63817 | Vaults:4 | Noticed Saint Roka
 63831 | Vaults:4 | Killed Saint Roka
 64476 | Vaults:4 | Found Xoen's Globular Garage.
 65233 | Vaults:5 | Entered Level 5 of the Vaults
 65241 | Vaults:5 | Noticed a dread lich
 65516 | Vaults:4 | Killed a dread lich
 66222 | Vaults:5 | Noticed an ancient lich
 66244 | Vaults:5 | Elyvilon protects you from harm!
 66252 | Vaults:5 | Killed an ancient lich
 66253 | Vaults:5 | Reached skill level 10 in Translocations
 66280 | Vaults:5 | Noticed a golden dragon
 66468 | Vaults:4 | Killed a golden dragon
 66477 | Vaults:5 | Reached XP level 23. HP: 167/178 MP: 31/34
 66522 | Vaults:5 | Found Veiprif's Distillery.
 66986 | Vaults:4 | Reached skill level 5 in Air Magic
 67130 | Vaults:5 | Learned a level 3 spell: Teleport Other
 67135 | Vaults:5 | Learned a level 4 spell: Iskenderun's Mystic Blast
 67139 | Vaults:5 | Learned a level 3 spell: Gell's Gravitas
 67636 | Vaults:5 | Noticed a golden dragon
 67642 | Vaults:5 | Killed a golden dragon
 67643 | Vaults:5 | Reached skill level 1 in Conjurations
 68048 | Vaults:5 | Noticed Sojobo
 68131 | Vaults:5 | Reached skill level 5 in Conjurations
 68473 | Vaults:5 | Identified the ring "Atom Noo" {rF+ Will+++}
 68481 | Vaults:5 | Got Pixygh's Meditations on the Quarry and the Sphinx
 68559 | Vaults:5 | Found the +18 shield of the Gong {Loud rN+ Will+ rCorr
                  | EV-5}
 68700 | Vaults:5 | Noticed an ancient lich
 68851 | Vaults:5 | Killed an ancient lich
 68935 | Vaults:5 | Got a silver rune of Zot
 69077 | Vaults:5 | Identified the +10 spear "Xunuecwafen" {flame, rC- Will+
                  | SInv}
 69077 | Vaults:5 | Identified the amulet "Tahil" {Acrobat Int+4}
 69262 | Vaults:5 | Bought a potion of heal wounds for 95 gold pieces
 69262 | Vaults:5 | Bought a potion of heal wounds for 95 gold pieces
 69262 | Vaults:5 | Bought a potion of haste for 190 gold pieces
 69262 | Vaults:5 | Bought 2 potions of cancellation for 304 gold pieces
 69262 | Vaults:5 | Bought a potion of enlightenment for 95 gold pieces
 69262 | Vaults:5 | Bought a potion of enlightenment for 95 gold pieces
 69332 | Vaults:5 | Killed Sojobo
 69735 | Vaults:5 | Found the +10 tower shield of Ignorance {rN+ Int-4}
 69752 | Vaults:5 | Identified the staff of Defilement {rPois Str+3 Poison}
 70150 | Temple   | Fell from the grace of Elyvilon
 70150 | Temple   | Became a worshipper of the Shining One
 70150 | Temple   | Reached * piety under the Shining One
 70397 | Crypt:1  | Entered Level 1 of the Crypt
 70434 | Crypt:1  | Reached ** piety under the Shining One
 70826 | Crypt:1  | Reached *** piety under the Shining One
 71184 | Crypt:1  | Reached **** piety under the Shining One
 71251 | Crypt:1  | Reached XP level 24. HP: 183/184 MP: 19/35
 71315 | Crypt:1  | Identified the +1 rapier of Insufficient Pleasure {venom,
                  | Int+4}
 71486 | Crypt:1  | Noticed Sphara's ghost (veteran DEEE)
 71489 | Crypt:1  | Found a runed translucent gate.
 71489 | Crypt:1  | Found a runed translucent gate.
 71489 | Crypt:1  | Found a runed translucent gate.
 71489 | Crypt:1  | Reached ***** piety under the Shining One
 71849 | Crypt:1  | Killed Sphara's ghost
 72382 | Crypt:2  | Noticed a royal mummy
 72382 | Crypt:2  | Noticed a royal mummy
 72388 | Crypt:2  | Killed a royal mummy
 72390 | Crypt:2  | Killed a royal mummy
 72390 | Crypt:2  | Noticed Khufu
 72750 | Crypt:2  | Killed Khufu
 73262 | Crypt:3  | Entered Level 3 of the Crypt
 73358 | Crypt:3  | Reached ****** piety under the Shining One
 73371 | Crypt:3  | Identified a +7 double sword of holy wrath (a +5 double
                  | sword of electrocution blessed by the Shining One)
 73371 | Crypt:3  | Received a gift from the Shining One
 73719 | Crypt:3  | Identified the +8 chain mail of Gestures {Fly}
 73774 | Crypt:3  | Identified the +6 flail of Joyful Slaughter {holy, Contam
                  | Str-4 Int+9 SInv}
 73775 | Crypt:3  | Identified the +1 hand axe of Histrionic Optimality
                  | {freeze, rN+++ Str+3 Int-3 Dex-3}
 73776 | Crypt:3  | Identified the staff of the Shallot {rElec Earth}
 73814 | Crypt:3  | Noticed Bai Suzhen
 73839 | Crypt:3  | Killed Bai Suzhen
 74061 | Crypt:3  | Found a basalt altar of Yredelemnul.
 74122 | Crypt:3  | Reached XP level 25. HP: 191/191 MP: 37/37
 74260 | Crypt:3  | Identified the ring of Baece {Fly rPois Will++ Int+3 Dex-5}
 74491 | Crypt:3  | Found a staircase to the Tomb.
 74801 | Crypt:3  | Identified the +6 ring mail "Focuch" {*Slow rF+ rC++ SInv}
 74892 | Crypt:3  | Identified the +4 scale mail of the Bagpipe {Regen+ Str+5}
 75324 | Vaults:2 | Found Zuvues's Weapon Shop.
 75524 | Depths:1 | Entered Level 1 of the Depths
 75566 | Depths:1 | Noticed a dread lich
 75569 | Depths:1 | Found a transporter.
 75569 | Depths:1 | Found the +8 mithril axe "Arga" {speed, Will+}
 75570 | Depths:1 | Noticed Kitsup's ghost (adept HOMo)
 75592 | Depths:1 | Found a transporter.
 75955 | Depths:1 | Found a broken altar of Ashenzari.
 76568 | Depths:1 | Identified the +3 orcbow "Loupyutt" {heavy, +Blink rElec
                  | rN+ Will-}
 76782 | Depths:1 | Found a gateway to Hell.
 77655 | Depths:2 | Found a one-way gate leading to the halls of Pandemonium.
 77746 | Depths:2 | Found a one-way gateway to a ziggurat.
 77931 | Depths:2 | Found a bloodstained altar of Trog.
 77999 | Depths:2 | Identified the +3 mace of Kuly {flame, rElec rC+ rN+ Str-2
                  | Int+2}
 78331 | Depths:3 | Found a corrupted altar of Lugonu.
 78331 | Depths:3 | Found a one-way gate to the infinite horrors of the Abyss.
 78394 | Depths:3 | Noticed a caustic shrike
 78408 | Depths:3 | Killed a caustic shrike
 78533 | Depths:3 | Reached XP level 26. HP: 172/198 MP: 38/38
 79170 | Depths:4 | Entered Level 4 of the Depths
 79232 | Depths:4 | Found a portal to a secret trove of treasure.
 79240 | Depths:4 | You paid a toll of 4 scrolls of fog to enter a treasure
                  | trove
 79241 | Trove    | Entered a treasure trove
 79614 | Depths:4 | Found a gate to the Realm of Zot.
 80330 | Depths:4 | Found a shadowy altar of Dithmenos.
 80389 | Zot:1    | Entered Level 1 of the Realm of Zot
 80742 | Zot:1    | Reached skill level 10 in Evocations
 82099 | Zot:2    | Identified the +1 ring mail of Boeck {Rampage rF+ Int+2}
 82181 | Zot:2    | Identified the +8 orcbow "Egg" {heavy, +Blink Str+4}
 82258 | Zot:2    | Noticed a Killer Klown
 82276 | Zot:2    | Killed a Killer Klown
 82384 | Zot:2    | Identified the +0 leather armour of Decompression {Regen+}
 82450 | Zot:2    | Found a runed translucent gate.
 82450 | Zot:2    | Found a runed translucent gate.
 82450 | Zot:2    | Found a runed translucent gate.
 82460 | Zot:2    | Noticed Pongem's ghost (legendary MiAK)
 82616 | Zot:2    | Noticed a Killer Klown
 82645 | Zot:2    | Killed a Killer Klown
 82645 | Zot:2    | Noticed a Killer Klown
 82646 | Zot:2    | Reached skill level 15 in Evocations
 82874 | Zot:1    | Killed a Killer Klown
 82875 | Zot:1    | Reached XP level 27. HP: 172/204 MP: 39/39
 82964 | Zot:2    | Noticed a Killer Klown
 82981 | Zot:2    | Killed a Killer Klown
 83034 | Zot:2    | Found a shimmering altar of Xom.
 83034 | Zot:2    | Found a shimmering altar of Xom.
 83034 | Zot:2    | Found a shimmering altar of Xom.
 83034 | Zot:2    | Found a shimmering altar of Xom.
 83034 | Zot:2    | Found a shimmering altar of Xom.
 83034 | Zot:2    | Found a glowing silver altar of Zin.
 83055 | Zot:2    | Found a shimmering altar of Xom.
 83069 | Zot:2    | Found a shimmering altar of Xom.
 83069 | Zot:2    | Found a shimmering altar of Xom.
 83444 | Zot:2    | Identified the +11 trident of Severance {flame, Drain rF+
                  | Will+}
 83446 | Zot:2    | Identified the +4 hat of Honour {-Tele rN+ SInv Stlth+}
 83915 | Zot:2    | Killed Pongem's ghost
 84864 | Zot:3    | Identified the +0 scale mail "Arphimn" {SInv}
 85257 | Zot:3    | Reached skill level 10 in Spellcasting
 86053 | Zot:4    | Reached skill level 10 in Conjurations
 86523 | Zot:4    | Identified the +1 pair of boots of Leaves {Int+2}
 86674 | Zot:5    | Entered Level 5 of the Realm of Zot
 86715 | Zot:5    | Reached skill level 15 in Fighting
 88009 | Elf:1    | Entered Level 1 of the Elven Halls
 88176 | Elf:1    | Found a runed translucent door.
 88177 | Elf:1    | Noticed Graknight's ghost (adept MiBe)
 88249 | Elf:1    | Killed Graknight's ghost
 88339 | Elf:1    | Paralysed by an air elemental for 1 turns
 88343 | Elf:1    | Paralysed by an air elemental for 1 turns
 89071 | Elf:1    | Noticed Donald
 89090 | Elf:1    | Killed Donald
 89254 | Elf:2    | Learned a level 4 spell: Manifold Assault
 89335 | Elf:2    | Found a runed translucent gate.
 89336 | Elf:2    | Found a runed translucent gate.
 89336 | Elf:2    | Found a runed translucent gate.
 89527 | Elf:2    | Found Ren Din's Antique Armour Boutique.
 89532 | Elf:2    | Found Fetwugy's Book Boutique.
 89625 | Elf:2    | Reached skill level 15 in Dodging
 90255 | Elf:3    | Entered Level 3 of the Elven Halls
 90258 | Elf:3    | Paralysed by an air elemental for 1 turns
 90769 | Elf:3    | Found the ring of the Octopus King {HP+2 AC+2 EV+2 SH+2
                  | SInv}
 90819 | Elf:3    | Identified the amulet of Jeumabush {Acrobat rCorr}
 90855 | Elf:3    | Got the Dissertation on Flaming Transposition
 90873 | Elf:3    | Identified the +1 battleaxe of Xydek {holy, *Slow rN++
                  | Str+3}
 90881 | Elf:3    | Identified the staff of Arorac {rC+ Will- Str+2 SInv Conj}
 90899 | Elf:3    | Identified the +2 pair of boots "Weakh" {Drain rC+++ Str+4}
 91517 | Elf:3    | Found Ruevib's Antique Weapon Shop.
 91974 | Lair:4   | Found a staircase to the Slime Pits.
 92063 | Slime:1  | Entered Level 1 of the Pits of Slime
 92134 | Slime:2  | Noticed Dissolution
 92144 | Slime:1  | Killed Dissolution
 93421 | Slime:5  | Entered Level 5 of the Pits of Slime
 93718 | Slime:5  | Found a viscous altar of Jiyva.
 93741 | Slime:5  | Noticed the Royal Jelly
 93784 | Slime:5  | Killed the Royal Jelly
 93843 | Slime:5  | Identified the +2 buckler of the Everdark {rN+}
 93906 | Slime:5  | Identified the +0 robe "Cudoad" {rElec Int+2}
 93914 | Slime:5  | Got a slimy rune of Zot
 93964 | Slime:5  | Identified the ring "Cisigh" {EV+5 Str+3 Int-2 Slay+4}
 93976 | Slime:5  | Identified the +1 hand axe of Zarukes {holy, Dex+2}
 93977 | Slime:5  | Identified the +3 dagger "Unoemnuti" {protect, Dex+6
                  | Stlth-}
 94549 | Pan      | Entered Pandemonium
 94556 | Pan      | Noticed Jeufas the pandemonium lord
 94575 | Pan      | Killed Jeufas the pandemonium lord
 94979 | Pan      | Reached skill level 16 in Armour
 95058 | Pan      | Found an exit through the horrors of the Abyss.
 95520 | Pan      | Noticed Etaserap the pandemonium lord
 95531 | Pan      | Killed Etaserap the pandemonium lord
 95541 | Pan      | Reached skill level 17 in Armour
 96007 | Pan      | Reached skill level 18 in Armour
 96073 | Pan      | Noticed Cedon the pandemonium lord
 96085 | Pan      | Killed Cedon the pandemonium lord
 96126 | Pan      | Gained mutation: You are clumsy. (Dex -2) [a cacodemon]
 96132 | Pan      | Reached skill level 19 in Armour
 97388 | Pan      | Gained mutation: You occasionally shout uncontrollably at
                  | your foes. [a cacodemon]
 97390 | Pan      | Reached skill level 20 in Armour
 97821 | Pan      | Noticed Ytevaubb the pandemonium lord
 97848 | Pan      | Killed Ytevaubb the pandemonium lord
 98134 | Pan      | Noticed Elil the pandemonium lord
 98153 | Pan      | Killed Elil the pandemonium lord
 98286 | Pan      | Found an exit through the horrors of the Abyss.
 98310 | Pan      | Reached skill level 21 in Armour
 98319 | Pan      | Gained mutation: You are very clumsy. (Dex -4) [a neqoxec]
 98337 | Pan      | HP: 6/210 [golden dragon[a demonspawn corrupter] (9)]
 98796 | Pan      | Gained mutation: You are frail. (-10% HP) [a cacodemon]
 98800 | Pan      | Lost mutation: You occasionally shout uncontrollably at
                  | your foes. [a cacodemon]
 99071 | Pan      | Got a demonic rune of Zot
 99072 | Pan      | Identified the ring of Rolaesor {rF+ rC+}
 99104 | Pan      | Lost mutation: You are frail. (-10% HP) [potion of
                  | mutation]
 99104 | Pan      | Lost mutation: You are very clumsy. (Dex -4) [potion of
                  | mutation]
 99104 | Pan      | Lost mutation: You are clumsy. (Dex -2) [potion of
                  | mutation]
 99104 | Pan      | Gained mutation: You are clumsy. (Dex -2) [potion of
                  | mutation]
 99104 | Pan      | Gained mutation: You have large cloven feet. [potion of
                  | mutation]
 99278 | Pan      | Lost mutation: You have large cloven feet. [potion of
                  | mutation]
 99278 | Pan      | Lost mutation: You are clumsy. (Dex -2) [potion of
                  | mutation]
 99278 | Pan      | Gained mutation: Your system is resistant to poisons.
                  | (rPois) [potion of mutation]
 99278 | Pan      | Gained mutation: You are occasionally teleported next to
                  | monsters. [potion of mutation]
 99278 | Pan      | Gained mutation: You are clumsy. (Dex -2) [potion of
                  | mutation]
 99278 | Pan      | Gained mutation: You are somewhat resistant to further
                  | mutation. [potion of mutation]
 99279 | Pan      | Lost mutation: You are somewhat resistant to further
                  | mutation. [potion of mutation]
 99279 | Pan      | Lost mutation: You are clumsy. (Dex -2) [potion of
                  | mutation]
 99279 | Pan      | Gained mutation: You do not regenerate when monsters are
                  | visible. [potion of mutation]
 99279 | Pan      | Gained mutation: You have a pair of small antennae on your
                  | head. [potion of mutation]
 99280 | Pan      | Lost mutation: You have a pair of small antennae on your
                  | head. [potion of mutation]
 99280 | Pan      | Lost mutation: Your system is resistant to poisons. (rPois)
                  | [potion of mutation]
 99280 | Pan      | Gained mutation: You sometimes lose your temper in combat.
                  | [potion of mutation]
 99280 | Pan      | Gained mutation: You have hidden genetic potential. [potion
                  | of mutation]
 99281 | Pan      | Lost mutation: You are occasionally teleported next to
                  | monsters. [potion of mutation]
 99281 | Pan      | Lost mutation: You sometimes lose your temper in combat.
                  | [potion of mutation]
 99281 | Pan      | Lost mutation: You do not regenerate when monsters are
                  | visible. [potion of mutation]
 99281 | Pan      | Gained mutation: You occasionally lose the ability to drink
                  | potions when taking damage. [potion of mutation]
 99281 | Pan      | Gained mutation: Your flesh is cold resistant. (rC+)
                  | [potion of mutation]
 99339 | Pan      | Reached skill level 22 in Armour
 99363 | Pan      | Noticed Guhaczio the pandemonium lord
 99381 | Pan      | Killed Guhaczio the pandemonium lord
 99539 | Depths:2 | Escaped Pandemonium
 99583 | Pan      | Entered the realm of Mnoleg.
 99583 | Pan      | Entered Pandemonium
 99711 | Pan      | Noticed Mnoleg
 99712 | Pan      | Gained mutation: Your magical capacity is low. (-10% MP) [a
                  | neqoxec]
 99719 | Pan      | Gained mutation: Armour fits poorly on your strangely
                  | shaped body. [a neqoxec]
 99720 | Pan      | Gained mutation: You are frail. (-10% HP) [a neqoxec]
 99725 | Pan      | Gained mutation: Your body sometimes deteriorates upon
                  | taking damage. [a cacodemon]
 99728 | Pan      | Killed Mnoleg
 99735 | Pan      | Gained mutation: Your body often deteriorates upon taking
                  | damage. [a neqoxec]
 99776 | Pan      | Got a glowing rune of Zot
 99922 | Pan      | Gained mutation: You sometimes lose your temper in combat.
                  | [a cacodemon]
 99938 | Pan      | Gained mutation: You are very frail. (-20% HP) [a
                  | cacodemon]
 99949 | Pan      | Reached skill level 23 in Armour
100015 | Pan      | Lost mutation: You have hidden genetic potential. [potion
                  | of mutation]
100015 | Pan      | Lost mutation: You sometimes lose your temper in combat.
                  | [potion of mutation]
100015 | Pan      | Lost mutation: You are very frail. (-20% HP) [potion of
                  | mutation]
100015 | Pan      | Gained mutation: You occasionally lose the ability to read
                  | scrolls when taking damage. [potion of mutation]
100016 | Pan      | Lost mutation: Your magical capacity is low. (-10% MP)
                  | [potion of mutation]
100016 | Pan      | Lost mutation: Your flesh is cold resistant. (rC+) [potion
                  | of mutation]
100016 | Pan      | Gained mutation: You have a somewhat thin skeletal
                  | structure. (Dex +2, Stealth+) [potion of mutation]
100016 | Pan      | Gained mutation: You are partially covered in large bone
                  | plates. (SH +4) [potion of mutation]
100017 | Pan      | Lost mutation: You have a somewhat thin skeletal structure.
                  | (Dex +2, Stealth+) [potion of mutation]
100017 | Pan      | Lost mutation: You occasionally lose the ability to read
                  | scrolls when taking damage. [potion of mutation]
100018 | Pan      | Lost mutation: Armour fits poorly on your strangely shaped
                  | body. [potion of mutation]
100018 | Pan      | Lost mutation: You are frail. (-10% HP) [potion of
                  | mutation]
100018 | Pan      | Gained mutation: You are frail. (-10% HP) [potion of
                  | mutation]
100018 | Pan      | Gained mutation: You sometimes lose the ability to drink
                  | potions when taking damage. [potion of mutation]
100018 | Pan      | Gained mutation: You occasionally shout uncontrollably at
                  | your foes. [potion of mutation]
100019 | Pan      | Lost mutation: You are partially covered in large bone
                  | plates. (SH +4) [potion of mutation]
100019 | Pan      | Lost mutation: You are frail. (-10% HP) [potion of
                  | mutation]
100019 | Pan      | Gained mutation: Your system is resistant to poisons.
                  | (rPois) [potion of mutation]
100019 | Pan      | Gained mutation: Armour fits poorly on your strangely
                  | shaped body. [potion of mutation]
100020 | Pan      | Lost mutation: You occasionally shout uncontrollably at
                  | your foes. [potion of mutation]
100020 | Pan      | Lost mutation: You sometimes lose the ability to drink
                  | potions when taking damage. [potion of mutation]
100020 | Pan      | Lost mutation: Armour fits poorly on your strangely shaped
                  | body. [potion of mutation]
100020 | Pan      | Gained mutation: You are clumsy. (Dex -2) [potion of
                  | mutation]
100020 | Pan      | Gained mutation: You have large cloven feet. [potion of
                  | mutation]
100021 | Pan      | Lost mutation: You have large cloven feet. [potion of
                  | mutation]
100021 | Pan      | Lost mutation: You occasionally lose the ability to drink
                  | potions when taking damage. [potion of mutation]
100021 | Pan      | Gained mutation: Your magical capacity is low. (-10% MP)
                  | [potion of mutation]
100021 | Pan      | Lost mutation: Your system is resistant to poisons. (rPois)
                  | [potion of mutation]
100021 | Pan      | Gained mutation: Your flesh is cold resistant. (rC+)
                  | [potion of mutation]
100022 | Pan      | Lost mutation: You are clumsy. (Dex -2) [potion of
                  | mutation]
100022 | Pan      | Lost mutation: Your flesh is cold resistant. (rC+) [potion
                  | of mutation]
100022 | Pan      | Lost mutation: Your body often deteriorates upon taking
                  | damage. [potion of mutation]
100022 | Pan      | Gained mutation: You have hidden genetic potential. [potion
                  | of mutation]
100022 | Pan      | Gained mutation: You have great hidden genetic potential.
                  | [potion of mutation]
100022 | Pan      | Gained mutation: Your skin changes colour to match your
                  | surroundings (Stealth+). [potion of mutation]
100669 | Pan      | Entered the realm of Gloorx Vloq.
100801 | Pan      | Found an exit through the horrors of the Abyss.
101176 | Pan      | Reached skill level 24 in Armour
101182 | Pan      | Noticed Gloorx Vloq
101218 | Pan      | Killed Gloorx Vloq
101738 | Pan      | Got a dark rune of Zot
101824 | Pan      | Noticed Mennas
101839 | Pan      | Killed Mennas
101848 | Pan      | Paralysed by accursed screaming for 1 turns
101851 | Pan      | Paralysed by accursed screaming for 1 turns
101876 | Pan      | Reached skill level 25 in Armour
101997 | Pan      | Found an exit through the horrors of the Abyss.
102012 | Pan      | Entered the realm of Lom Lobon.
102211 | Pan      | Noticed Lom Lobon
102242 | Pan      | Killed Lom Lobon
102466 | Pan      | Got a magical rune of Zot
102575 | Pan      | Found a transporter.
102662 | Pan      | Identified the ring "Kuet Vir" {Fly rElec Will++ Str-5
                  | Stlth+}
102677 | Pan      | Found a transporter.
102700 | Pan      | Gained mutation: Your magical capacity is very low. (-20%
                  | MP) [mutagenic glow]
102705 | Pan      | Gained mutation: You are partially covered in iridescent
                  | scales. (AC +2) [hidden potential]
102713 | Pan      | Lost mutation: You have great hidden genetic potential.
                  | [mutagenic glow]
102773 | Pan      | Got Onemuh's Cyclopedia of the Igneous Tesseract
102776 | Pan      | Identified the ring "Iguh" {rN+ Dex+5}
102790 | Pan      | Identified the ring "Tedohes" {Fly rF+ Int+5}
102807 | Pan      | Identified the +11 hand axe "Zeyw" {antimagic, Str+6 Dex+3}
102922 | Pan      | Reached skill level 26 in Armour
103132 | Pan      | Found a runed translucent door.
103231 | Pan      | Noticed Kaemyr the pandemonium lord
103243 | Pan      | Killed Kaemyr the pandemonium lord
103308 | Pan      | Noticed Foojut the pandemonium lord
103316 | Pan      | Gained mutation: Armour fits poorly on your strangely
                  | shaped body. [a cacodemon]
103328 | Pan      | Killed Foojut the pandemonium lord
103358 | Pan      | Reached skill level 27 in Armour
103545 | Pan      | Entered the realm of Cerebov.
103605 | Pan      | Lost mutation: You have hidden genetic potential. [potion
                  | of mutation]
103605 | Pan      | Lost mutation: Your skin changes colour to match your
                  | surroundings (Stealth+). [potion of mutation]
103605 | Pan      | Lost mutation: You are partially covered in iridescent
                  | scales. (AC +2) [potion of mutation]
103605 | Pan      | Lost mutation: Your body sometimes deteriorates upon taking
                  | damage. [potion of mutation]
103605 | Pan      | Gained mutation: You passively map a small area around you.
                  | [potion of mutation]
103611 | Pan      | Lost mutation: Armour fits poorly on your strangely shaped
                  | body. [potion of mutation]
103611 | Pan      | Lost mutation: You passively map a small area around you.
                  | [potion of mutation]
103611 | Pan      | Gained mutation: Your mind is acute. (Int +4, Str/Dex -1)
                  | [potion of mutation]
103611 | Pan      | Gained mutation: Your system is resistant to poisons.
                  | (rPois) [potion of mutation]
103617 | Pan      | Found the +6 sword of Cerebov {flame}
103617 | Pan      | Noticed Cerebov
103658 | Pan      | Identified the +5 tower shield "Guadgh" {rPois Slay+2}
103673 | Pan      | Killed Cerebov
103701 | Pan      | Learned a level 2 spell: Wereblood
103704 | Pan      | Learned a level 2 spell: Passwall
103753 | Pan      | Identified the +5 great sword of Zisu {spect, rC- rN++
                  | Int+6}
103839 | Pan      | Identified the +0 scale mail of Unuedit {Dex+2}
103866 | Pan      | Identified the +0 cloak "Utyoqosa" {Will+ Str+3 Stlth+}
103878 | Pan      | Identified the staff "Nodoppacu" {rPois rC+ Will+ Poison}
103907 | Pan      | Got a fiery rune of Zot
103940 | Pan      | Found an exit through the horrors of the Abyss.
103946 | Pan      | Took an exit into the Abyss.
103946 | Abyss:1  | Escaped into the Abyss
103951 | Abyss:1  | Found a corrupted altar of Lugonu.
103959 | Abyss:1  | Found a corrupted altar of Lugonu.
103979 | Abyss:1  | Found a corrupted altar of Lugonu.
104059 | Abyss:2  | Found a corrupted altar of Lugonu.
104089 | Abyss:3  | Found a corrupted altar of Lugonu.
104119 | Abyss:3  | Found a corrupted altar of Lugonu.
104140 | Abyss:3  | Reached skill level 1 in Transmutations
104317 | Abyss:3  | Found a corrupted altar of Lugonu.
104334 | Abyss:3  | Paralysed by accursed screaming for 1 turns
104424 | Abyss:3  | Reached skill level 5 in Transmutations
104446 | Abyss:3  | Gained mutation: Armour fits poorly on your strangely
                  | shaped body. [a neqoxec]
104577 | Abyss:3  | Found a corrupted altar of Lugonu.
104593 | Depths:2 | Escaped the Abyss
105146 | Zot:5    | Noticed an ancient lich
105151 | Zot:5    | Killed an ancient lich
105152 | Zot:5    | Noticed a Killer Klown
105155 | Zot:5    | Noticed an orb of fire
105158 | Zot:5    | Noticed a dread lich
105162 | Zot:5    | Killed a Killer Klown
105163 | Zot:5    | Gained mutation: Potions are less effective at restoring
                  | your health. [an orb of fire]
105167 | Zot:5    | Killed an orb of fire
105172 | Zot:5    | Killed a dread lich
105175 | Zot:5    | Noticed a dread lich
105182 | Zot:5    | Killed a dread lich
105185 | Zot:5    | Noticed a dread lich
105189 | Zot:5    | Noticed a dread lich
105192 | Zot:5    | Killed a dread lich
105208 | Zot:5    | Killed a dread lich
105289 | Zot:5    | Got the Orb of Zot
105318 | Zot:5    | Noticed an ancient lich
105328 | Zot:5    | Killed an ancient lich
105343 | Zot:5    | Noticed a dread lich
105373 | Zot:5    | Reached skill level 10 in Transmutations
105508 | Zot:5    | Noticed an ancient lich
105528 | Zot:5    | Killed an ancient lich
105547 | Zot:5    | Noticed a seraph
105549 | Zot:5    | Identified the +1 buckler "Fenairpha" {Fly Regen+ SInv}
106190 | D:$      | Escaped with the Orb!

Illustrated notes

Levels and vault maps discovered:
D:1:      wander_arrival_abandoned_jail, layout_rooms, serial_rivers,
          chequers_serial_rivers_micro_c, chequers_serial_rivers_micro_a,
          chequers_serial_rivers_large_b, chequers_serial_rivers_small_b,
          chequers_serial_rivers_room_b
D:2:      layout_basic, basic_altar, minmay_misc_feat_rugged, uniq_jessica,
          uniq_natasha
D:3:      layout_basic, mainiacjoe_overflow_swirl, uniq_terence
D:4:      minmay_chambers_of_fours, layout_rooms, nicolae_uskayaw_dance_hall,
          uniq_eustachio, uniq_sigmund, uniq_edmund
D:5:      layout_loops_corners, nicolae_ossuary_entry_monument,
          lemuel_flamethrower_2
D:6:      layout_rooms, minmay_temple_entry_sparse_star, grunt_ministairs_15
D:7:      layout_basic, serial_shops, shop, nicolae_shop_hallway_stairs,
          nicolae_shop_tiny_real_fake_doors, nicolae_shop_rolled_up, shop,
          uniq_pikel
D:8:      layout_cave_pools, mainiacjoe_overflow_concentric_impassable,
          gammafunk_temple_overflow_wave, grunt_lair_entry_orc_guard_hut,
          minmay_misc_feat_ornament
D:9:      layout_long_grid
D:10:     layout_basic, hangedman_decor_lopped
D:11:     minmay_the_grid_triangle_9x9_recursive_2
          [minmay_the_grid_triangle_9x9_prize_schism,
          minmay_the_grid_triangle_9x9_flanged_cone,
          minmay_the_grid_triangle_9x9_intruding_spiral,
          minmay_the_grid_triangle_9x9_shrine], layout_loops_ring,
          minmay_orc_entry_guard_dogs, gammafunk_ghost_berserking_beasts,
          grunt_gozag_breadcrumbs
D:12:     layout_basic
D:13:     layout_rooms, hellmonk_ghost_happy_afterlife
D:14:     evilmike_halls_of_destruction, layout_basic,
          grunt_vaults_entry_tiered, cheibriados_altar_1
D:15:     grunt_enter_depths_giant_problem, layout_loops_ring,
          okawaru_gym_becter
Temple:   nicolae_temple_elliptical
Lair:1:   gammafunk_lair_enchanted_lake, layout_gridlike, uniq_grum, uniq_joseph
Lair:2:   lemuel_ratsnest, layout_regular_city, spider_nest_entry_rubble,
          infiniplex_staircase_pool_2
Lair:3:   layout_misc_corridors, elwin_shoals_entry_rooms, grunt_megastairs_4
Lair:4:   layout_cave_pods, minmay_slime_entry_oklob_open
Lair:5:   evilmike_catoblepas_cave, layout_small_grid, lemuel_fruit_tree,
          serial_bayou_shore_b
Shoals:1: layout_shoals
Shoals:2: layout_shoals
Shoals:3: layout_shoals, ldierk_geyser, nicolae_shoals_circle_sea_wall,
          uniq_mara
Shoals:4: shoals_end_simple, layout_shoals, shoals_ilsuiw_alternative,
          argonaut_gorgonesque, uniq_polyphemus, uniq_aizul
Spider:1: layout_spider_delve, uniq_agnes, uniq_rupert
Spider:2: layout_spider_delve, uniq_arachne
Spider:3: layout_spider_delve, drop_trap, nicolae_spider_baby_got_redback
Spider:4: grunt_spider_rune_circles, guppyfry_spider_mini_1, uniq_kirke
Slime:1:  layout_caves
Slime:2:  layout_caves, dissolution_awaits
Slime:3:  layout_caves
Slime:4:  layout_caves, uniq_dissolution
Slime:5:  slime_pit_nicolae_block_by_block
Orc:1:    layout_caves, ebering_ghost_reflecting_pool,
          portal_ice_cave_entry_animals_and_master, basic_altar, uniq_erolcha,
          uniq_sonja, uniq_urug, uniq_harold
Orc:2:    pubby_orc_utopia, uniq_josephine, uniq_nessos
Elf:1:    eino_elf_arrival_the_gate, layout_loops_ring,
          ebering_ghost_inner_flame, hangedman_elven_crosses_minicolossus,
          drop_trap, kennysheep_underground_church, uniq_donald
Elf:2:    nicolae_elf_blades_crystal_corner, layout_geoelf_grid,
          minmay_shop_star
Elf:3:    grunt_elf_hall_asides, layout_onion_city, serial_shops, shop,
          nicolae_elf_variegated_diamond
Vaults:1: gammafunk_ghost_tricky_traps, v_pattern_3, grunt_vaults_bifocal,
          nicolae_vaults_little_squares_5, nicolae_vaults_closet_pinwheel_4,
          nicolae_vaults_trapezoid_lopsided_1, nicolae_vaults_tetromino_L_1,
          layout_vaults_quadrants, serial_shops, shop, uniq_asterion,
          uniq_norris
Vaults:2: nicolae_vaults_bisected_inception, vaults_room_corners,
          serial_library_regret_index_small_wings,
          nicolae_vaults_closet_pinwheel_5, v_misc_10, nicolae_vaults_theta,
          v_alt_pattern_1, minmay_crypt_entry_simple_corners,
          nicolae_vaults_storage_closets_2, ontoclasm_vaults_eye,
          nicolae_vaults_tangram_2, nicolae_vaults_variable_pillar_hall,
          nicolae_vaults_ring_of_whatevers, layout_vaults_ring, serial_shops,
          nicolae_shop_waterfront, uniq_xtahua
Vaults:3: mu_enter_wizlab_4, serial_library_hellmonk_angled_corner, v_misc_2,
          nicolae_vaults_closet_pinwheel_1, grunt_vaults_diagonal,
          hangedman_vaults_stagger, nicolae_vaults_mini_display_case,
          nicolae_vaults_alarming, nicolae_vaults_two_Ls,
          nicolae_vaults_asterisk, vaults_dpeg_ring,
          nicolae_vaults_more_shelving_1, layout_vaults_chaotic_city,
          uniq_frederick
Vaults:4: vaults_standard_mumra_enter_the_diamond, ontoclasm_vaults_fault,
          nicolae_vaults_apartment_2, nicolae_vaults_shrinking_rooms_1,
          tekkud_shop_of_orbs, v_pattern_5, v_misc_14, nicolae_vaults_gold_heap,
          v_misc_11, v_misc_8, nicolae_vaults_tetromino_Z_2,
          nicolae_vaults_house_1, nicolae_vaults_six-pack,
          layout_vaults_maze_snakey, uniq_saint_roka
Vaults:5: serial_shops, uniq_sojobo
Crypt:1:  dreamdust_cat_pyramid, layout_regular_city, gammafunk_ghost_split,
          nicolae_crypt_twisting_catacombs, nicolae_crypt_crumbling_hall,
          grunt_crypt_arrival_guarded_gate
Crypt:2:  layout_rooms, serial_library, serial_library_hellmonk_hallway_a,
          serial_library_hellmonk_hallway_b,
          serial_library_regret_index_closets,
          serial_library_hellmonk_hallway_b,
          serial_library_regret_index_branch_corner,
          serial_library_regret_index_multi,
          serial_library_hellmonk_long_bookcase, serial_library_hellmonk_u_bend,
          uniq_khufu
Crypt:3:  evilmike_haunted_forest, uniq_bai_suzhen
Depths:1: layout_gridlike, gammafunk_ghost_mausoleum,
          grunt_hell_entry_dis_grunt, cheibrodos_ashenzari_chains,
          lemuel_flames_and_gold, nicolae_triple_integral
Depths:2: nicolae_cairo_tiling_large_dashed, layout_cave_shapes,
          enter_ziggurat_d, infiniplex_staircase_pool_1, hangedman_coc_ice_floe,
          grunt_pan_entry_in_and_out, tgw_trog, uniq_josephina
Depths:3: evilmike_hourglass, layout_cross, grunt_decor_clamped,
          abyss_entry_flame_altar, hell_entry, drop_trap
Depths:4: grunt_crosshair, layout_long_grid, grunt_dithmenos_smoke,
          pf_hell_entry_great_geh, enter_trove_2, pan_entry, abyss_entry,
          st_stairs_8
Zot:1:    layout_onion_interference
Zot:2:    dreamdust_zin_vs_xom, layout_misc_corridors, gammafunk_ghost_split
Zot:3:    layout_gridlike
Zot:4:    layout_misc_corridors, grunt_ministairs_12,
          regret_index_zotdec_serpentine_scales, st_stairs_7
Zot:5:    layout_gridlike, st_stairs_8

Skill      XL: |  1  2  3  4  5  6  7  8  9 10 11 12 13 14 15 16 17 18 19 20 21 22 23 24 25 26 27 |
---------------+----------------------------------------------------------------------------------+-----
Long Blades    | 4 5 6 7 8 9 10 11 12 13 15 16 17 19 20 | 20.0
Armour         | 3 5 8 10 13 15 27 | 27.0
Dodging        | 4 10 11 12 20 | 20.0
Invocations    | 2 7 8 10 12 14 15 16 20 23 25 | 25.6
Ranged Weapons | 5 9 |  9.8
Fighting       | 9 10 12 13 14 15 | 15.9
Shields        | 1 4 9 14 15 | 15.0
Evocations     | 5 15 | 15.0
Spellcasting   | 2 5 10 | 10.0
Translocations | 5 10 13 | 13.7
Air Magic      | 3 5 |  5.0
Conjurations   | 8 10 | 10.0
Transmutations | 10 | 10.0

Action                     |  1- 3 |  4- 6 |  7- 9 | 10-12 | 13-15 | 16-18 | 19-21 | 22-24 | 25-27 || total
---------------------------+-------+-------+-------+-------+-------+-------+-------+-------+-------++-------
  Melee: Falchion          |    55 |   184 |   376 |       |       |       |       |       |       ||   615
         Scimitar          |       |       |    21 |   694 |  1354 |    27 |       |       |       ||  2096
         Double sword      |       |       |       |       |       |  1862 |  1813 |  1648 |  4417 ||  9740
         Unarmed           |       |       |       |       |       |       |       |       |     1 ||     1
   Fire: Sling             |       |       |       |    62 |    80 |    65 |    56 |       |       ||   263
  Throw: Throwing net      |       |       |       |       |       |       |     5 |     3 |       ||     8
   Cast: Apportation       |       |       |       |       |       |       |     1 |     1 |    10 ||    12
         Lesser Beckoning  |       |       |       |       |       |       |       |    52 |   159 ||   211
         Vhi's Electric Ch |       |       |       |       |       |       |       |     6 |     1 ||     7
         Iskenderun's Myst |       |       |       |       |       |       |       |     1 |    26 ||    27
         Blink             |       |       |       |       |       |       |       |       |     4 ||     4
         Passwall          |       |       |       |       |       |       |       |       |     1 ||     1
         Wereblood         |       |       |       |       |       |       |       |       |     1 ||     1
         Manifold Assault  |       |       |       |       |       |       |       |       |     1 ||     1
 Invoke: Purification      |       |       |     3 |     4 |     9 |    13 |     8 |     2 |       ||    39
         Heal Other        |       |       |       |    14 |    34 |    20 |    16 |     8 |       ||    92
         Heal Self         |       |       |       |    11 |    25 |     6 |    16 |     7 |       ||    65
         Cleansing Flame   |       |       |       |       |       |       |       |    20 |   159 ||   179
         Divine Shield     |       |       |       |       |       |       |       |     9 |    84 ||    93
         Summon Divine War |       |       |       |       |       |       |       |     2 |    13 ||    15
         Brand Weapon With |       |       |       |       |       |       |       |     1 |       ||     1
  Evoke: Wand              |       |       |     1 |    21 |    14 |    49 |    17 |     7 |    59 ||   168
         Phial of floods   |       |       |       |       |     3 |     2 |     3 |       |     1 ||     9
         Condenser vane    |       |       |       |       |     2 |     3 |     3 |     3 |     6 ||    17
         Box of beasts     |       |       |       |       |       |     3 |     2 |     2 |     3 ||    10
         Phantom mirror    |       |       |       |       |       |       |       |     1 |     4 ||     5
    Use: Scroll            |     3 |     6 |    11 |     4 |    13 |    15 |    22 |    11 |    33 ||   118
         Potion            |       |     5 |     3 |     9 |     3 |    11 |    13 |    14 |    63 ||   121
   Stab: Paralysed         |       |       |       |       |     4 |       |     7 |     3 |       ||    14
         Invisible         |       |       |       |       |       |     4 |    12 |     4 |       ||    20
         Confused          |       |       |       |       |       |     5 |       |       |       ||     5
         Held in net/web   |       |       |       |       |       |       |     3 |     2 |       ||     5
         Petrified         |       |       |       |       |       |       |     1 |       |       ||     1
         Sleeping          |       |       |       |       |       |       |     1 |     1 |       ||     2
         Distracted        |       |       |       |       |       |       |       |     2 |       ||     2
 Armour: Robe              |    26 |     9 |       |       |       |       |       |       |       ||    35
         Leather armour    |       |    31 |       |       |       |       |       |       |       ||    31
         Ring mail         |       |    97 |   222 |   547 |   709 |   492 |       |       |       ||  2067
         Skin              |       |     1 |       |       |       |       |       |       |     5 ||     6
         Chain mail        |       |       |       |       |       |   354 |   359 |       |       ||   713
         Ice dragon scales |       |       |       |       |       |       |   735 |   535 |  1027 ||  2297
         Gold dragon scale |       |       |       |       |       |       |       |       |   775 ||   775
  Dodge: Dodged            |    43 |   159 |   231 |   437 |   954 |  1454 |  1246 |   632 |  2128 ||  7284
  Block: Buckler           |       |       |       |       |     6 |   607 |   421 |       |       ||  1034
         Reflection        |       |       |       |       |       |     3 |    66 |    43 |   131 ||   243
         Kite shield       |       |       |       |       |       |       |   673 |  1544 |  5337 ||  7554
         Other             |       |       |       |       |       |       |       |       |     2 ||     2

Table legend: (Time is in decaauts)
 A = Elapsed time spent in this place.
 B = Non-inter-level travel time spent in this place.
 C = Inter-level travel time spent in this place.
 D = Time resting spent in this place.
 E = Time spent auto-exploring this place.
 F = Levels seen in this place.
 G = Mean time per level.
                   A        B        C        D        E       F      G
               +--------+--------+--------+--------+--------+-----+--------+
         Total | 103629 |  96152 |   7477 |  29518 |  36402 |  80 | 1295.4 |
       Dungeon |  26818 |  23211 |   3607 |   8283 |   9126 |  15 | 1787.9 |
        Temple |     46 |     36 |     10 |      9 |      0 |   1 |   46.0 |
          Lair |  11010 |  10099 |    911 |   3667 |   3766 |   5 | 2202.0 |
        Shoals |   6671 |   6531 |    140 |   2760 |    541 |   4 | 1667.8 |
   Spider Nest |   7429 |   7145 |    284 |   3314 |   1743 |   4 | 1857.2 |
    Slime Pits |   2026 |   1873 |    153 |    399 |    604 |   5 |  405.2 |
  Orcish Mines |   3894 |   3522 |    372 |    571 |   1651 |   2 | 1947.0 |
   Elven Halls |   3603 |   3387 |    216 |      0 |   2329 |   3 | 1201.0 |
        Vaults |  13186 |  12538 |    648 |   4617 |   4100 |   5 | 2637.2 |
         Crypt |   4496 |   4278 |    218 |    452 |   2456 |   3 | 1498.7 |
        Depths |   5682 |   5143 |    539 |    616 |   3325 |   4 | 1420.5 |
           Zot |   7501 |   7126 |    375 |   2716 |   2348 |   5 | 1500.2 |
         Abyss |    616 |    616 |      0 |    121 |    141 |   3 |  205.3 |
   Pandemonium |   8991 |   8991 |      0 |   1172 |   4113 |  18 |  499.5 |
         Trove |     74 |     74 |      0 |      0 |      2 |   1 |   74.0 |
       Ossuary |    538 |    538 |      0 |    293 |     39 |   1 |  538.0 |
      Ice Cave |   1041 |   1041 |      0 |    522 |    115 |   1 | 1041.0 |
               +--------+--------+--------+--------+--------+-----+--------+

Top non-repeatable levels by time:
Vaults:4: 3963 daAuts
    D:14: 3452 daAuts
    D:12: 3223 daAuts
Spider:3: 2898 daAuts
   Orc:2: 2769 daAuts
Shoals:3: 2743 daAuts
  Lair:5: 2669 daAuts
     D:7: 2603 daAuts
Vaults:3: 2592 daAuts
Vaults:1: 2548 daAuts
Vaults:5: 2479 daAuts
  Lair:2: 2335 daAuts
   Zot:1: 2309 daAuts
     D:5: 2280 daAuts
  Lair:1: 2196 daAuts
